Map: King Sejong Station LE

Players

EJK

  • Race: Terran Terran

A.I. 1 (Very Easy) - Winner!

  • Race: Terran Terran

VOD

Have the link to the VOD?

Description

Time

  • Played on: Oct. 26, 2016, 1:49 p.m.
  • Length: 8:56
Show
View Real Time Build Order
Export as new Build Order

EJK Terran 

Build Orders: Hellion Opening, Reaper Expand, Mech 

Get SALT Encoding   

  12  0:00  SCV  
  13  0:12  SCV  
  14  0:17  Supply Depot  
  14  0:25  SCV  
  15  0:29  Refinery  
  15  0:38  SCV  
  16  0:44  Barracks  
  16  0:50  SCV  
  17  1:03  SCV  
  18  1:15  SCV  
  19  1:31  Orbital Command  
  19  1:32  Reaper  
  20  1:45  Command Center, Unknown  
  20  1:57  SCV  
  20  2:00  Factory  
  21  2:06  Barracks Reactor  
  21  2:09  Supply Depot  
  21  2:12  SCV  
  22  2:24  SCV  
  22  2:29  Refinery  
  23  2:37  SCV  
  24  2:45  Starport  
  24  2:49  SCV  
  24  2:51  Hellion x2  
  29  2:56  Unknown, Orbital Command  
  29  3:01  SCV  
  30  3:12  Hellion x2  
  34  3:13  SCV  
  35  3:21  Viking  
  35  3:24  SCV  
  35  3:25  SCV  
  43  3:34  Hellion x2  
  43  3:38  SCV x2  
  43  3:40  Supply Depot  
  45  3:42  Barracks Tech Lab  
  45  3:53  SCV  
  46  3:57  Supply Depot  
  46  4:02  SCV, Hellion x2  
  51  4:06  Raven  
  51  4:07  SCV  
  54  4:11  Supply Depot  
  54  4:19  SCV x2  
  54  4:23  Hellion x2  
  54  4:24  Supply Depot  
  60  4:28  Refinery  
  60  4:29  Refinery  
  60  4:32  SCV x2  
  60  4:35  Supply Depot  
  62  4:44  SCV x2  
  64  4:49  Barracks Reactor  
  64  4:52  Factory  
  64  4:56  Siege Tank  
  64  4:59  Viking x2  
  72  5:00  SCV x2  
  72  5:03  Supply Depot  
  73  5:12  SCV x2  
  75  5:24  SCV x2  
  77  5:28  Siege Tank  
  77  5:29  Viking  
  77  5:30  Viking  
  84  5:36  SCV x2  
  84  5:38  Supply Depot  
  88  5:51  Supply Depot  
  88  5:55  Hellion x2  
  90  6:00  Siege Tank  
  90  6:03  Command Center, Unknown  
  93  6:05  Viking  
  93  6:09  Viking  
  97  6:16  SCV x2  
  99  6:18  Supply Depot  
  99  6:20  Hellion  
  99  6:21  Hellion  
  103  6:30  Armory  
  103  6:33  Siege Tank  
  103  6:37  Supply Depot, Viking  
  103  6:39  Viking  
  110  6:44  Hellion  
  110  6:46  Hellion  
  114  6:50  Supply Depot  
  114  7:00  Engineering Bay  
  114  7:01  Supply Depot  
  114  7:05  Siege Tank  
  114  7:06  Hellion  
  114  7:07  SCV x2, Hellion  
  123  7:09  Viking  
  123  7:11  Viking  
  123  7:14  Unknown, Orbital Command  
  127  7:30  SCV x2  
  127  7:31  Factory  
  127  7:35  Hellion x2  
  133  7:38  Factory, Siege Tank  
  133  7:41  Orbital Command  
  133  7:43  SCV x2  
  138  8:00  Factory x2  
  138  8:01  Viking x2  
  146  8:05  Hellion  
  146  8:06  Hellion  
  146  8:08  SCV  
  146  8:10  Supply Depot  
  146  8:12  SCV  
  148  8:21  Refinery  
  148  8:22  SCV x2, Refinery  
  148  8:24  SCV, Factory Tech Lab  
  151  8:30  Hellion  
  151  8:31  Factory Tech Lab  
  151  8:32  Hellion  
  158  8:48  Command Center, Unknown  
  161  8:49  Factory Reactor  
Show
View Real Time Build Order
Export as new Build Order

A.I. 1 (Very Easy) Terran - Winner!

Build Orders: Reaper Expand 

Get SALT Encoding   

  12  0:00  SCV  
  13  0:13  SCV  
  14  0:18  Supply Depot  
  14  0:42  Barracks  
  14  1:04  Command Center, Unknown  
  14  1:29  Marine  
  14  1:32  Supply Depot, Orbital Command  
  15  1:39  Refinery  
  15  1:50  Refinery  
  15  1:57  SCV  
  16  2:09  SCV  
  17  2:15  Unknown  
  17  2:16  SCV  
  17  2:18  Reaper  
  19  2:23  SCV  
  20  2:30  SCV  
  21  2:37  SCV  
  22  2:44  Refinery  
  22  2:45  SCV  
  23  2:52  SCV  
  24  2:59  SCV  
  24  3:01  Marine  
  26  3:06  SCV  
  27  3:13  SCV  
  27  3:19  Factory  
  28  3:20  SCV  
  29  3:43  Refinery  
  29  3:44  SCV  
  29  3:45  Marine  
  31  3:51  SCV  
  32  3:57  Supply Depot  
  32  3:58  SCV  
  33  4:05  SCV  
  33  4:07  Starport  
  34  4:12  SCV  
  34  4:14  Hellion  
  37  4:20  SCV  
  38  4:26  Supply Depot  
  38  4:27  SCV  
  39  4:34  SCV  
  40  4:41  SCV  
  40  4:44  Starport Tech Lab  
  41  4:48  SCV  
  42  4:55  SCV  
  42  4:57  Marine  
  44  5:03  SCV  
  44  5:04  Raven  
  47  5:10  SCV  
  48  5:17  SCV  
  49  5:41  Marine  
  50  5:46  Raven  
  52  6:25  Reaper  
  53  6:57  Barracks Tech Lab  
  55  7:16  Marauder  
  55  8:17  SCV  
Tags
 
Add a new tag
Caveats
  • Supply blocks, unpowered buildings, or Contaminate may cause inaccurate times.
  • Supply counts are checked every 10 seconds.